 Dungeon Crawl Stone Soup version bcrawl-1.27.6 (webtiles) character file.

Game seed: 12676227423912071459

108107 DogServant the Magician (level 4, -1/24 HPs)
             Began as a Skeleton Ice Elementalist on Oct 6, 2020.
             Slain by a gnoll
             ... wielding a cursed -2 spear
              (6 damage)
             ... on level 3 of the Dungeon.
             The game lasted 00:06:25 (2889 turns).

DogServant the Magician (Skeleton Ice Elementalist) Turns: 2889, Time: 00:06:25

Health: -1/24      AC:  2    Str: 14      XL:     4   Next: 60%
Magic:  0/10       EV: 27    Int: 14 (15) God:
Gold:   62         SH:  0    Dex:  8 (9)  Spells: 0/12 levels left

rFire    . . .     SeeInvis .   i - +0 mace
rCold    + . .     Gourm    .   (no shield)
rNeg     + + +     Faith    .   a - +0 robe
rPois    ∞         Spirit   +   (no helmet)
rElec    .         Reflect  .   (no cloak)
rCorr    .         Harm     .   (no gloves)
MR       .....                  (no boots)
Stlth    ++........             b - amulet of the acrobat
HPRegen  0.08/turn              (no ring)
MPRegen  0.12/turn              (no ring)

@: no status effects
A: no food or potions, cold resistance 1, deterioration 1, negative energy
resistance 3, torment resistance, unbreathing, magic shield, sturdy frame 1,
spell healing
a: no special abilities


You were on level 3 of the Dungeon.
You were not hungry.

You visited 1 branch of the dungeon, and saw 3 of its levels.

You collected 62 gold pieces.

Inventory:

Hand Weapons
 d - a +0 hunting sling
 i - a +0 mace (weapon)
Armour
 a - a +0 robe (worn)
 k - a +2 medium shield
Jewellery
 b - an amulet of the acrobat (around neck)
Wands
 c - a wand of iceblast (1)
 h - a wand of disintegration (17)
Scrolls
 e - 2 scrolls of remove curse {unknown}
 f - 2 scrolls of identify
 g - a scroll of teleportation {unknown}
 j - a scroll of fog {unknown}


   Skills:
 - Level 2.0 Dodging
 - Level 2.4 Stealth
 + Level 4.8 Spellcasting
 + Level 2.2 Conjurations
 + Level 4.6 Ice Magic


You couldn't memorise any spells.
You knew the following spells:

 Your Spells              Type           Power        Failure   Level  Hunger
a - Freeze                Ice            ###...       2%          1    N/A
b - Throw Frost           Conj/Ice       ##....       2%          2    N/A
c - Ozocubu's Armour      Chrm/Ice       #.......     21%         3    N/A
d - Ensorcelled Hibernat  Hex/Ice        #.....       11%         2    N/A
e - Throw Icicle          Conj/Ice       ##......     41%         4    N/A

Your spell library contained the following spells:

 Spells                   Type           Power        Failure   Level  Hunger
 Corona                   Hex            #......      19%         1    N/A
 Dazzling Orbs            Conj/Hex       #......      34%         3    N/A
 Confuse                  Hex            #.......     47%         3    N/A
 Tukima's Dance           Hex            #.......     47%         3    N/A
 Summon Ice Beast         Ice/Summ       #.......     56%         4    N/A
 Ice Form                 Ice/Tmut       Unusable     N/A         4    N/A

Dungeon Overview and Level Annotations

Branches:
Dungeon (3/12)

Altars:
Elyvilon
Lugonu
Nemelex Xobeh
Qazlal


Innate Abilities, Weirdness & Mutations

You do not eat or drink.
You are immune to poison.
Your flesh is cold resistant. (rC+)
Your body sometimes deteriorates upon taking damage.
You are immune to negative energy. (rN+++)
You are immune to unholy pain and torment.
You can survive without breathing.
When hurt, damage is shared between your health and your magic reserves.
Your movements are slightly less encumbered by armour. (ER -2)
Casting spells heals you.


Message History

Press: ? - help, Shift-Dir - straight line, f - shadow imp
Aim: a shadow imp
Okay, then.
Casting: Throw Frost (safe; 2% risk of failure)
Confirm with . or Enter, or press ? or * to list all spells.
A cloud of ice covers your body! The shadow imp barely misses you.
The gnoll hits you from afar with a cursed -2 spear.
Your body deteriorates!
You feel dopey.
You sock the shadow imp!
The shadow imp is almost dead.
Your icy armour evaporates.
The shadow imp barely misses you.
The gnoll hits you from afar with a cursed -2 spear.
* * * LOW HITPOINT WARNING * * *
You hit the shadow imp.
You kill the shadow imp!
The gnoll barely misses you.
A kobold comes into view.
The gnoll hits you with a cursed -2 spear.
You die...

..##.........###
...........K.'.
..[...w....<.##
#####.......##
##.....## ##...##
##g## #g# #@# ##.##
######...##
...........#
..##.##...#######.#
.......#.#........#
......#.#.########
.##.......#
#.##.#)#.###


You could see a worm, 2 gnolls and a kobold (wandering).

Vanquished Creatures
  A gnoll (D:3)
  2 adders
  A shadow imp (D:3)
  A worm (D:3)
  3 dart slugs (D:1)
  5 leopard geckos
  An orc (D:3)
  3 giant cockroaches (D:1)
  4 goblins (D:1)
  4 hobgoblins
  3 jackals (D:1)
  A quokka (D:1)
  2 ball pythons (D:3)
  6 bats
  14 frilled lizards
  6 kobolds
  2 quokka zombies (D:1)
  3 rats (D:1)
62 creatures vanquished.

Notes
Turn   | Place    | Note
-------+----------+-------------------------------------------
     0 | D:1      | DogServant the Skeleton Ice Elementalist began the quest
                  | for the Orb.
     0 | D:1      | Reached XP level 1. HP: 10/10 MP: 4/4
   441 | D:1      | Reached XP level 2. HP: 15/15 MP: 0/6
   680 | D:1      | Learned a level 2 spell: Throw Frost
   827 | D:1      | Reached XP level 3. HP: 14/19 MP: 0/8
   924 | D:1      | Learned a level 3 spell: Ozocubu's Armour
  1662 | D:2      | Found a white marble altar of Elyvilon.
  1737 | D:2      | Found a corrupted altar of Lugonu.
  1834 | D:2      | Found a stormy altar of Qazlal.
  1835 | D:2      | Found a sparkling altar of Nemelex Xobeh.
  2060 | D:2      | Reached XP level 4. HP: 24/24 MP: 7/10
  2693 | D:3      | Learned a level 2 spell: Ensorcelled Hibernation
  2698 | D:3      | Learned a level 4 spell: Throw Icicle
  2889 | D:3      | Slain by a gnoll

Skill      XL: |  1  2  3  4 |
---------------+-------------+-----
Ice Magic      | 4 |  4.6
Spellcasting   | 4 |  4.8
Conjurations   | 2 |  2.2
Dodging        | |  2.0
Stealth        | |  2.4

Action                   |  1- 3 |  4- 6 || total
-------------------------+-------+-------++-------
Melee: Unarmed           |    80 |       ||    80
       Mace              |       |    16 ||    16
 Cast: Freeze            |    59 |    11 ||    70
       Throw Frost       |    11 |     3 ||    14
       Ozocubu's Armour  |       |     1 ||     1
 Stab: Sleeping          |     1 |       ||     1
Armor: Robe              |    20 |     2 ||    22
Dodge: Dodged            |    91 |    26 ||   117
